 Dungeon Crawl Stone Soup version 0.19-a0-1170-g18f0c96 (webtiles) character file.

288643 hairmachine the Executioner (level 20, -4/189 HPs)
             Began as a Hill Orc Fighter on Aug 11, 2016.
             Was the Champion of Beogh.
             Killed from afar by a tengu reaver (14 damage)
             ... with a bolt of lightning
             ... on level 1 of the Depths on Aug 16, 2016.
             The game lasted 03:47:28 (43524 turns).

hairmachine the Executioner (Hill Orc Fighter)     Turns: 43524, Time: 03:47:29

Health: -4/189     AC: 41    Str: 30    XL:     20   Next: 70%
Magic:  29/29      EV: 14    Int:  6    God:    Beogh [******]
Gold:   2992       SH: 22    Dex: 15    Spells: 0 memorised, 19 levels left

rFire  + + +     SeeInvis +     Z - +8 war axe (flame)
rCold  . . .     Gourm    .     A - +6 plate armour
rNeg   . . .     Faith    +     b - +5 shield {reflect}
rPois  +         Spirit   .     r - +0 helmet "Coxzel" {-Cast +Fly rPois Str+7}
rElec  .         Dismiss  .     l - +2 cloak {+Inv}
rCorr  .         Reflect  +     O - +2 pair of gloves
MR     +....     Harm     .     X - +1 pair of boots {Fly}
Stlth  .......... NoCast   +    Y - amulet of faith
                                z - ring of Wefyam {+Blink rF+++ AC+2 Int-2 SInv}
                                a - ring of protection from magic

@: vulnerable, contaminated, slowed, glowing, very slow
A: walk on water
a: Smiting, Recall Orcish Followers, Give Item to Named Follower, Resurrection,
Renounce Religion, Evoke Blink, Evoke Invisibility, Evoke Flight
}: 2/15 runes: barnacled, gossamer


You were on level 1 of the Depths.
You worshipped Beogh.
Beogh was exalted by your worship.
You were hungry.

You visited 6 branches of the dungeon, and saw 34 of its levels.
You also visited: Sewer.

You collected 3322 gold pieces.
You spent 330 gold pieces at shops.

Inventory:

Hand Weapons
 Z - a +8 war axe of flaming (weapon)
Armour
 b - a +5 shield of reflection (worn)
 l - a +2 cloak of invisibility (worn)
 r - the +0 helmet "Coxzel" (worn) {-Cast +Fly rPois Str+7}
   (You found it on level 1 of the Lair of Beasts)

   It affects your strength (+7).
   It protects you from poison.
   It lets you fly.
   It prevents spellcasting.
 A - a +6 plate armour (worn)
 O - a +2 pair of gloves (worn)
 X - a +1 pair of boots of flying (worn)
Jewellery
 a - a ring of protection from magic (left hand)
 v - the ring of Oraur {Wiz rElec Dex+2}
   (You found it on level 15 of the Dungeon)

   [ring of wizardry]

   It improves your spell success rate.
   It affects your dexterity (+2).
   It insulates you from electricity.
 z - the ring of Wefyam (right hand) {+Blink rF+++ AC+2 Int-2 SInv}
   (You found it on level 2 of the Vaults)

   [ring of protection]

   It affects your AC (+2).
   It affects your intelligence (-2).
   It renders you almost immune to fire.
   It lets you see invisible.
   It lets you blink.
 C - a ring of the Octopus King {AC+1 EV+1 Str+1 Int+1 Dex+1 Stlth+}
   (You found it on level 15 of the Dungeon)

   [ring of stealth]

   It affects your AC (+1).
   It affects your evasion (+1).
   It affects your strength (+1).
   It affects your intelligence (+1).
   It affects your dexterity (+1).
   It makes you more stealthy.
 Y - an amulet of faith (around neck)
Wands
 H - a wand of lightning (2/15)
 I - a wand of hasting (8/9)
 L - a wand of iceblast (4/15)
 P - a wand of digging (15/24)
 Q - a wand of heal wounds (0/9)
 S - a wand of acid (1/15)
Scrolls
 e - 5 scrolls of fog
 i - 15 scrolls of remove curse
 n - a scroll of amnesia
 o - a scroll of fear
 q - 8 scrolls of teleportation
 x - 2 scrolls of brand weapon
 y - 3 scrolls of blinking
 E - 10 scrolls of magic mapping
 G - a scroll of recharging
 K - 10 scrolls of identify
Potions
 d - a potion of brilliance
 g - 3 potions of cure mutation
 h - 3 potions of curing
 k - 4 potions of haste
 m - a potion of might
 u - 6 potions of ambrosia
 B - 4 potions of agility
 N - a potion of berserk rage
 U - 7 potions of lignification
 V - a potion of flight
 W - 2 potions of resistance
Miscellaneous
 M - a lamp of fire
Comestibles
 f - 13 bread rations
 j - a royal jelly
 p - 20 fruits
 w - 26 beef jerkies
 J - 10 slices of pizza
 T - 14 meat rations


   Skills:
 + Level 18.7 Fighting
 - Level 21.1 Axes
 - Level 17.0 Armour
 - Level 9.4 Dodging
 - Level 15.8 Shields
 - Level 12.0 Invocations
 + Level 11.9 Evocations


You had 19 spell levels left.
You didn't know any spells.

Dungeon Overview and Level Annotations

Branches:
Dungeon (15/15)            Temple (0/1) D:6            Lair (6/6) D:10
 Shoals (4/4) Lair:4       Spider (4/4) Lair:3        Slime (0/5) Lair:6
    Orc (0/2) D:9          Vaults (4/5) D:13          Crypt (0/3) Vaults:3
 Depths (1/5) D:15

Altars:
Cheibriados
Elyvilon
Fedhas
Gozag
Hepliaklqana
Zin
The Shining One
Jiyva

Shops:
D:8 %   D:9 !   D:15 %(:   Vaults:3 ?

Portals:
Hell: Depths:1
Trove: Vaults:1 (give +6 demon trident)

Annotations:
Lair:6 1 runed door
Vaults:2 Urug
Depths:1 the Enchantress


Message History

As you read the scroll of blinking, it crumbles to dust.
A yaktaur captain and a tengu reaver come into view.
The yaktaur captain shouts!
The tengu reaver shouts!
You block the yaktaur captain's attack.
Found a gateway to Hell.
Blink to where?
Press: ? - help, Dir - move target cursor
As you read the scroll of blinking, it crumbles to dust.
The yaktaur captain wields an arbalest.
The yaktaur captain shoots a bolt.
You reflect the bolt off your +5 shield of reflection!
The bolt hits the yaktaur captain!!
Blink to where?
Press: ? - help, Dir - move target cursor You are contaminated with residual magic.
As you read the scroll of blinking, it crumbles to dust.
The tengu reaver gestures at you while chanting.
The bolt of lightning misses you.
The tengu reaver gestures at you while chanting.
The bolt of lightning hits you!
You die...

..............##
#.............###
###.............<#
#...#....)####...#
#............#...###
##...........#.....#
#..(.......##.....#
###.................#
#......)...##.#@....#
#..............#....#
#..............#...##
#...............#....#
#..#.........##..#...#
###..........#..#######
##.........##..##...#
#...........Q..#...####
...............##..c...#


You could see a tengu reaver.

Vanquished Creatures
  A sphinx (Vaults:3)
  Agnes (D:14)
  Kirke (Spider:2)
  A tengu reaver (Vaults:3)
  A storm dragon (Vaults:2)
  4 ghost moths
  4 vault wardens
  A deep elf sorcerer (Vaults:4)
  A frost giant (Vaults:3)
  3 emperor scorpions (Spider:4)
  3 spriggan defenders (Depths:1)
  7 ironheart preservers
  5 stone giants
  A deep elf annihilator (Vaults:2)
  3 entropy weavers
  A spark wasp (Depths:1)
  2 crystal guardians (Vaults:3)
  An ettin (Vaults:3)
  3 merfolk impalers
  5 yaktaur captains
  3 fire dragons
  A merfolk javelineer (Shoals:3)
  Josephine (D:15)
  4 vault guards
  2 hydras
  2 ice dragons
  The ghost of Xiguana the Destroyer, a journeyman TeCj of Vehumet (D:13)
  A rakshasa (Vaults:2)
  3 merfolk avatars
  A merfolk aquamancer (Shoals:1)
  7 centaur warriors
  2 alligator snapping turtles (Shoals:4)
  9 death yaks
  3 tengu warriors
  7 ogre magi
  A spriggan berserker (Depths:1)
  3 deep elf knights
  A shadow wraith (Vaults:3)
  6 sea snakes
  2 unseen horrors
  10 deep trolls
  A deep elf archer (Vaults:1)
  A phantasmal warrior (Vaults:2)
  4 giant orange brains
  5 hill giants
  3 wizards
  7 orc knights
  16 harpies
  A necromancer (Vaults:1)
  7 ironbrand convokers
  A wolf spider zombie (D:12)
  15 ugly things
  8 orb spiders
  16 wolf spiders
  A lindwurm (Lair:6)
  4 deep elf magi
  A moth of wrath (Spider:4)
  2 manticores
  7 griffons
  4 hornets
  4 fauns
  5 cyclopes
  An elephant (Lair:6)
  3 black mambas
  A guardian serpent (D:15)
  2 vault sentinels
  4 water nymphs
  6 sirens
  An orc skeleton (Vaults:1)
  2 spiny frogs
  4 gargoyles
  2 human zombies
  3 kobold demonologists
  3 torpor snails (Lair:6)
  5 demonic crawlers
  21 yaktaurs
  An entropy weaver simulacrum (Vaults:2)
  3 freezing wraiths
  2 giant leeches (Lair:6)
  2 wind drakes (Shoals:4)
  5 polar bears
  A queen bee (shapeshifter) (Vaults:2)
  3 trolls
  18 jumping spiders
  28 merfolk
  7 two-headed ogres
  5 blink frogs
  2 raiju (Lair:6)
  A boulder beetle (Vaults:2)
  8 slime creatures
  2 snapping turtles
  A centaur simulacrum (D:15)
  5 wraiths
  A flying skull (Vaults:3)
  36 redbacks
  15 tarantellas
  6 water elementals
  5 spriggans
  A yak (shapeshifter) (D:15)
  A shadow (D:15)
  6 hogs
  A wyvern (D:15)
  16 yaks
  A hog (shapeshifter) (Vaults:2)
  A steam dragon (D:11)
  3 hungry ghosts
  2 vampire mosquitoes
  A mottled dragon (Vaults:1)
  9 hippogriffs
  10 wargs
  3 swamp worms (Lair:5)
  6 hell hounds
  10 porcupines
  7 water moccasins
  3 orc warriors
  3 ice beasts
  A black bear (Lair:6)
  A meliai simulacrum (D:15)
  Duvessa (D:6)
  2 sky beasts
  5 wasps
  A phantom (D:7)
  3 boggarts
  2 eyes of draining
  2 necrophages
  25 ogres
  10 wolves
  17 centaurs
  9 crocodiles
  5 big kobolds
  A gnoll sergeant (D:5)
  13 giant frogs
  Dowan (D:6)
  A wyvern zombie (D:8)
  A wyvern skeleton (D:11)
  6 scorpions
  14 killer bees
  10 wights
  A howler monkey (D:4)
  8 crimson imps
  A quasit (D:12)
  3 giant frog zombies
  A centaur zombie (D:8)
  3 centaur skeletons
  2 giant frog skeletons
  3 jellies
  4 orc priests
  Crazy Yiuf (D:2)
  10 hounds
  Jessica (D:3)
  Ijyb (D:2)
  10 iguanas
  11 orc wizards
  11 worker ants
  A boulder beetle simulacrum (Vaults:1)
  10 sheep
  A howler monkey zombie (D:7)
  A worker ant zombie (D:11)
  7 adders
  2 gnolls (D:5)
  33 river rats
  4 shadow imps
  3 adder skeletons
  10 worms
  A dart slug (D:1)
  6 giant geckos
  27 orcs
  11 giant cockroaches
  7 goblins
  6 hobgoblins
  14 jackals
  23 kobolds
  A quokka (D:6)
  A ball python (D:2)
  11 bats
  5 giant newts
  A jackal zombie (D:7)
  2 quokka skeletons (D:4)
  2 quokka zombies
  13 rats
  A bush (Lair:5)
  A fungus (Lair:6)
  10 plants
948 creatures vanquished.

Vanquished Creatures (collateral kills)
  Mara (Vaults:2)
  Sojobo (Vaults:4)
  Bai Suzhen (Vaults:2)
  Arachne (Spider:4)
  A lich (Vaults:2)
  A sphinx (Vaults:2)
  3 tengu reavers
  Roxanne (Shoals:2)
  Donald (Spider:4)
  Ilsuiw (Shoals:4)
  4 frost giants
  2 ghost moths (Spider:4)
  3 vault wardens
  4 emperor scorpions
  Aizul (Spider:3)
  3 ironheart preservers (Vaults:4)
  2 stone giants
  2 entropy weavers
  The ghost of epen the Ripper, an adept FeMo of Cheibriados (Shoals:1)
  The ghost of herpmino the Carver, a journeyman DsMo of Makhleb (Shoals:1)
  A vampire knight (Vaults:3)
  A war gargoyle (Vaults:4)
  4 slime creatures
  2 deep elf demonologists (Vaults:4)
  A spark wasp (Depths:1)
  Azrael (Spider:1)
  A merfolk javelineer (Shoals:3)
  5 ettins
  An eidolon (Vaults:3)
  3 ogre magi
  6 yaktaur captains
  4 merfolk impalers (Shoals:4)
  Harold (Lair:2)
  3 hydras
  Fannar (Lair:1)
  2 ice dragons
  A death knight (D:14)
  A rakshasa (D:15)
  5 merfolk aquamancers
  9 vault guards
  A spriggan air mage (Depths:1)
  3 merfolk avatars
  An alligator snapping turtle (Shoals:4)
  A centaur warrior (Vaults:2)
  An alligator snapping turtle (shapeshifter) (Vaults:4)
  2 satyrs
  A tengu warrior (D:13)
  A deep troll earth mage (D:15)
  4 death yaks
  A spriggan berserker (Depths:1)
  2 deep elf knights (Vaults:2)
  5 sea snakes
  3 deep trolls
  A wizard (Vaults:2)
  4 unseen horrors
  5 hill giants
  4 ironbrand convokers
  A necromancer (D:15)
  A lindwurm (Lair:6)
  3 orc knights
  12 wolf spiders
  12 orb spiders
  10 ugly things
  4 deep elf magi
  9 harpies
  4 griffons
  6 cyclopes
  2 manticores (Shoals:4)
  3 hornets
  A salamander (shapeshifter) (Vaults:1)
  2 elephants (Lair:6)
  4 fauns
  4 sirens
  3 water nymphs
  A guardian serpent (D:15)
  2 centaur zombies (D:15)
  A moth of wrath (Spider:2)
  A black mamba (shapeshifter) (Vaults:2)
  5 torpor snails
  6 vault sentinels
  A black mamba (Lair:4)
  4 spiny frogs
  An orc skeleton (Vaults:1)
  10 demonic crawlers
  3 centaur skeletons
  A freezing wraith (Vaults:4)
  11 yaktaurs
  A komodo dragon (Lair:2)
  A tengu conjurer (D:15)
  13 merfolk
  17 jumping spiders
  A troll (D:15)
  5 two-headed ogres
  3 meliai (D:13)
  A giant leech (Lair:6)
  A blink frog (shapeshifter) (Vaults:3)
  A meliai zombie (D:15)
  2 boulder beetles (Vaults:1)
  4 polar bears (Lair:6)
  3 raiju (Lair:6)
  3 blink frogs
  7 snapping turtles
  35 redbacks
  A shadow (D:13)
  A centaur simulacrum (D:15)
  6 wraiths
  10 tarantellas
  A wyvern (D:11)
  A yak (shapeshifter) (Vaults:2)
  7 water elementals
  17 yaks
  5 spriggans
  A human (D:12)
  2 hogs (Spider:2)
  7 hippogriffs
  4 hungry ghosts
  A yaktaur simulacrum (Vaults:2)
  2 soldier ants
  3 swamp worms (Lair:5)
  3 hell hounds
  3 wargs
  8 water moccasins
  4 porcupines
  2 giant eyeballs (D:15)
  2 orc warriors (Vaults:3)
  3 ice beasts
  A phantom (D:14)
  12 black bears (Lair:6)
  5 wasps
  An eye of draining (D:15)
  4 boggarts
  10 wolves
  7 centaurs
  8 crocodiles
  10 ogres
  A human zombie (Vaults:1)
  A big kobold (D:12)
  5 giant frogs
  A scorpion (D:12)
  5 killer bees (D:10)
  4 wights (D:11)
  A jelly (D:15)
  4 crimson imps
  8 hounds
  2 orc priests
  An orc wizard (D:9)
  4 iguanas
  2 worker ants
  8 sheep
  3 gnolls (D:10)
  9 river rats
  2 shadow imps
  4 worms (Lair:5)
  6 orcs
  2 jackals (D:11)
  A quokka (D:10)
  4 bats (D:10)
  A butterfly (Lair:3)
  2 fungi
  15 plants
602 creatures vanquished.

Vanquished Creatures (others)
  5 orc warlords
  Urug (twice) (Spider:4 Vaults:2)
  A tengu reaver (Vaults:4)
  An ironheart preserver (Vaults:4)
  A stone giant (Vaults:4)
  8 orc knights
  A yaktaur captain (Vaults:4)
  5 orc sorcerers
  A deep elf archer (Vaults:2)
  A deep elf mage (Vaults:2)
  An ugly thing (Vaults:2)
  2 fauns
  17 orc warriors
  2 yaktaurs
  A redback (Spider:3)
  A human (Spider:2)
  An ogre (Vaults:3)
  4 orc wizards
  3 orc priests
  A gnoll (D:5)
  26 orcs
  A goblin (D:5)
  A giant gecko skeleton (D:5)
  11 fungi
  28 plants
126 creatures vanquished.

Grand Total: 1676 creatures vanquished

Notes
Turn   | Place    | Note
-------+----------+-------------------------------------------
     0 | D:1      | hairmachine the Hill Orc Fighter began the quest for the Orb.
     0 | D:1      | Reached XP level 1. HP: 19/19 MP: 1/1
   126 | D:1      | Reached skill level 3 in Axes
   288 | D:1      | Reached XP level 2. HP: 21/26 MP: 2/2
   506 | D:1      | Reached skill level 4 in Axes
   848 | D:1      | Reached XP level 3. HP: 31/31 MP: 3/3
  1627 | D:2      | Noticed Ijyb
  1648 | D:2      | Killed Ijyb
  1648 | D:2      | Reached skill level 5 in Axes
  1648 | D:2      | Reached XP level 4. HP: 33/39 MP: 4/4
  1793 | D:2      | Found a runed door.
  1797 | D:2      | Noticed Crazy Yiuf
  1803 | D:2      | Killed Crazy Yiuf
  1803 | D:2      | Reached skill level 6 in Axes
  2075 | D:3      | Reached XP level 5. HP: 25/45 MP: 5/5
  2093 | D:3      | Reached skill level 7 in Axes
  2486 | D:3      | Noticed Jessica
  2491 | D:3      | Killed Jessica
  3106 | D:4      | Found a glowing drain.
  3112 | D:4      | Reached XP level 6. HP: 51/51 MP: 6/6
  3121 | Sewer    | Entered a sewer
  3202 | Sewer    | Reached skill level 8 in Axes
  3517 | D:4      | Found a blossoming altar of Fedhas.
  3716 | D:4      | Reached skill level 5 in Shields
  3716 | D:4      | Reached XP level 7. HP: 39/57 MP: 7/7
  4075 | D:5      | Entered Level 5 of the Dungeon
  4076 | D:5      | Became a worshipper of Beogh the Brigand
  4636 | D:5      | Reached skill level 9 in Axes
  4665 | D:5      | Found a glowing golden altar of the Shining One.
  4680 | D:5      | Found an opulent altar of Gozag.
  4846 | D:6      | Noticed Duvessa
  4846 | D:6      | Noticed Dowan
  4850 | D:6      | Killed Duvessa
  4851 | D:6      | Killed Dowan
  5020 | D:6      | Reached XP level 8. HP: 52/64 MP: 8/8
  5150 | D:6      | Reached skill level 10 in Axes
  5697 | D:6      | Found a staircase to the Ecumenical Temple.
  5757 | D:6      | Reached * piety under Beogh
  6462 | D:7      | Reached XP level 9. HP: 70/70 MP: 9/9
  6681 | D:7      | Reached skill level 11 in Axes
  6787 | D:7      | Reached skill level 5 in Armour
  7003 | D:7      | Reached ** piety under Beogh
  7135 | D:7      | Found a snail-covered altar of Cheibriados.
  7483 | D:7      | Found a glowing silver altar of Zin.
  7483 | D:7      | Noticed an angel
  7798 | D:8      | Noticed a gargoyle
  7811 | D:8      | Reached skill level 1 in Invocations
  7831 | D:8      | Killed a gargoyle
  7831 | D:8      | Reached skill level 10 in Shields
  7963 | D:7      | Noticed a gargoyle
  8596 | D:8      | Reached XP level 10. HP: 48/79 MP: 12/12
  8834 | D:8      | Found Ziluam's Food Boutique.
  9056 | D:8      | Reached skill level 12 in Axes
  9136 | D:8      | Reached skill level 5 in Fighting
  9333 | D:8      | Reached *** piety under Beogh
  9823 | D:9      | Found a white marble altar of Elyvilon.
  9905 | D:9      | Reached skill level 5 in Invocations
 10048 | D:9      | Found Voshrov's Distillery.
 10057 | D:9      | Bought a potion of resistance for 100 gold pieces
 10057 | D:9      | Bought a potion of heal wounds for 50 gold pieces
 10057 | D:9      | Bought a potion of heal wounds for 50 gold pieces
 10165 | D:9      | Found a staircase to the Orcish Mines.
 10428 | D:10     | Entered Level 10 of the Dungeon
 10855 | D:10     | Reached **** piety under Beogh
 10975 | D:10     | Noticed a gargoyle
 11523 | D:10     | Found a staircase to the Lair.
 11550 | Lair:1   | Entered Level 1 of the Lair of Beasts
 11597 | Lair:1   | Noticed a spiny frog
 11603 | Lair:1   | Killed a spiny frog
 11687 | Lair:1   | Reached XP level 11. HP: 86/91 MP: 15/15
 11719 | Lair:1   | Reached skill level 13 in Axes
 11953 | Lair:1   | Noticed Fannar
 11968 | Lair:1   | Killed Fannar
 12308 | Lair:1   | Got a jewelled helmet
 12314 | Lair:1   | Identified the cursed +0 helmet "Coxzel" {-Cast +Fly rPois Str+7} (You found it on level 1 of the Lair of Beasts)
 12761 | Lair:2   | Noticed Harold
 12783 | Lair:2   | Killed Harold
 12947 | Lair:2   | Reached ***** piety under Beogh
 12948 | Lair:2   | Gained Marbaugh as an ally
 13715 | Lair:3   | Reached skill level 14 in Axes
 13758 | Lair:3   | Found a hole to the Spider Nest.
 13905 | Lair:3   | Reached skill level 10 in Armour
 14973 | Lair:4   | Found a staircase to the Shoals.
 14989 | Lair:4   | Reached XP level 12. HP: 69/103 MP: 16/16
 15656 | Lair:4   | Noticed a seven-headed hydra
 15664 | Lair:4   | Killed a seven-headed hydra
 16230 | Lair:5   | Reached ****** piety under Beogh
 16371 | Lair:5   | Reached skill level 15 in Axes
 16433 | Lair:5   | Noticed a death yak
 16433 | Lair:5   | Noticed a death yak
 16435 | Lair:5   | Noticed a death yak
 16442 | Lair:5   | Noticed a death yak
 16443 | Lair:5   | Noticed an eight-headed hydra
 16446 | Lair:5   | Your ally Marbaugh died
 16633 | Lair:5   | Killed a death yak
 16643 | Lair:5   | Killed a death yak
 16650 | Lair:5   | Killed a death yak
 16667 | Lair:5   | Killed a death yak
 17452 | Lair:5   | Killed an eight-headed hydra
 17793 | Lair:6   | Entered Level 6 of the Lair of Beasts
 17793 | Lair:6   | Noticed a death yak
 17793 | Lair:6   | Noticed a death yak
 17795 | Lair:6   | Noticed a death yak
 17835 | Lair:6   | Noticed a five-headed hydra
 17837 | Lair:6   | Noticed a death yak
 17958 | Lair:6   | Reached XP level 13. HP: 101/108 MP: 17/17
 17982 | Lair:5   | Reached skill level 16 in Axes
 18356 | Lair:6   | Gained Ognian as an ally
 18431 | Lair:6   | Gained Dorog as an ally
 18442 | Lair:6   | Your ally Dorog died
 18853 | Lair:6   | Found a viscous altar of Jiyva.
 18853 | Lair:6   | Found a staircase to the Slime Pits.
 18970 | Lair:6   | Found a runed door.
 19265 | Lair:6   | Reached skill level 17 in Axes
 19580 | Lair:6   | Reached XP level 14. HP: 112/116 MP: 18/18
 20976 | D:11     | Gained Bogbrand as an ally
 21145 | D:11     | Your ally Bogbrand died
 21519 | D:12     | Noticed Urug
 22621 | D:13     | Found a gate to the Vaults.
 22655 | D:13     | Your ally Ognian died
 22995 | D:13     | Reached skill level 10 in Fighting
 23238 | D:13     | Reached skill level 18 in Axes
 23281 | D:13     | Noticed Xiguana's ghost (journeyman TeCj)
 23293 | D:13     | Killed Xiguana's ghost
 23986 | D:14     | Noticed Agnes
 24006 | D:14     | Killed Agnes
 24006 | D:14     | Reached XP level 15. HP: 53/128 MP: 19/19
 24368 | D:14     | Found a hazy altar of Hepliaklqana.
 24643 | D:15     | Entered Level 15 of the Dungeon
 24694 | D:15     | Reached skill level 15 in Shields
 24753 | D:15     | Paralysed by a giant eyeball for 3 turns
 24800 | D:15     | Noticed a frost giant
 24808 | D:15     | Killed a frost giant
 25094 | D:15     | Reached skill level 15 in Armour
 25134 | D:15     | Found Nodghimy's Book Emporium.
 25320 | D:15     | Your ally Dorog died
 25369 | D:15     | Got a bound steel ring
 25528 | D:15     | Found a staircase to the Depths.
 25528 | D:15     | Noticed a frost giant
 25533 | D:15     | Killed a frost giant
 25786 | D:15     | Noticed Josephine
 25795 | D:15     | Killed Josephine
 25811 | D:15     | Found Xyacsy's Antique Weapon Emporium.
 25838 | D:15     | Identified the ring "Taim" {Fire Dex+5} (You took it off a boggart on level 15 of the Dungeon)
 25895 | D:15     | Gained Wargath as an ally
 26072 | D:15     | Got a ring of the Octopus King
 26077 | D:15     | Gained mutation: Your muscles are strong. (Str +2) [potion of beneficial mutation]
 26078 | D:15     | Gained mutation: Your flesh is cold resistant. (rC+) [potion of beneficial mutation]
 26162 | D:15     | Found Seigi's Food Emporium.
 26233 | D:15     | Reached skill level 19 in Axes
 26480 | D:15     | Got a scorched steel ring
 26482 | D:15     | Identified the ring of Oraur {Wiz rElec Dex+2} (You found it on level 15 of the Dungeon)
 26484 | D:15     | Identified a ring of the Octopus King {AC+1 EV+1 Str+1 Int+1 Dex+1 Stlth+} (You found it on level 15 of the Dungeon)
 26905 | Spider:1 | Entered Level 1 of the Spider Nest
 26920 | Spider:1 | Killed a ghost moth
 27048 | Spider:1 | Noticed Azrael
 27061 | Spider:1 | Killed Azrael
 27388 | Spider:1 | Reached XP level 16. HP: 139/139 MP: 20/20
 28393 | Spider:2 | Reached skill level 1 in Dodging
 28396 | Spider:2 | Noticed Kirke
 28413 | Spider:2 | Killed Kirke
 29250 | Spider:2 | Reached skill level 1 in Evocations
 29365 | Spider:2 | Gained Berold as an ally
 29681 | Spider:3 | Noticed Aizul
 29691 | Spider:3 | Killed Aizul
 30270 | Spider:4 | Entered Level 4 of the Spider Nest
 30469 | Spider:4 | Noticed Arachne
 30492 | Spider:4 | Killed Arachne
 30528 | Spider:4 | Reached XP level 17. HP: 122/151 MP: 21/21
 30750 | Spider:4 | Noticed Donald
 30756 | Spider:4 | Killed Donald
 30805 | Spider:4 | Reached skill level 5 in Evocations
 31130 | Spider:4 | Reached skill level 5 in Dodging
 31215 | Spider:4 | Your ally died
 31267 | Spider:4 | Got a gossamer rune of Zot
 31302 | Spider:4 | Your ally Ognian died
 31500 | Lair:4   | Upgraded the game from 0.19-a0-1111-gcceb26a to 0.19-a0-1168-g98094fc
 31508 | Shoals:1 | Entered Level 1 of the Shoals
 31730 | Shoals:1 | Noticed herpmino's ghost (journeyman DsMo)
 31741 | Shoals:1 | Killed herpmino's ghost
 31822 | Shoals:1 | Upgraded the game from 0.19-a0-1168-g98094fc to 0.19-a0-1170-g18f0c96
 31834 | Shoals:1 | Noticed epen's ghost (adept FeMo)
 31848 | Shoals:1 | Killed epen's ghost
 32218 | Shoals:1 | Your ally Berold died
 32524 | Shoals:2 | Noticed Roxanne
 33084 | Shoals:2 | Reached skill level 15 in Fighting
 33167 | Shoals:2 | Killed Roxanne
 33210 | Shoals:2 | Identified Roxanne's Papyrus of the Rocks (You took it off Roxanne on level 2 of the Shoals)
 33855 | Shoals:3 | Reached XP level 18. HP: 163/163 MP: 23/23
 33921 | Shoals:4 | Entered Level 4 of the Shoals
 33923 | Shoals:4 | Noticed Ilsuiw
 33940 | Shoals:4 | Gained Okrist as an ally
 33943 | Shoals:4 | Killed Ilsuiw
 34701 | Shoals:4 | Got a glittering lead ring
 34971 | Shoals:4 | Found a flickering gateway to a bazaar.
 35667 | Shoals:4 | Got a barnacled rune of Zot
 35983 | Vaults:1 | Entered Level 1 of the Vaults
 36012 | Vaults:1 | Gained mutation: You tend to lose your temper in combat. [a neqoxec]
 36366 | Vaults:1 | Paralysed by an ogre mage for 2 turns
 36675 | Vaults:1 | Found a portal to a secret trove of treasure.
 36849 | Vaults:1 | Identified the ring "Ilouc" {Str+3 Int+6 SInv} (You took it off a merfolk on level 4 of the Shoals)
 37436 | Vaults:2 | Noticed Bai Suzhen
 37451 | Vaults:2 | Killed Bai Suzhen
 37461 | Vaults:2 | Noticed Mara
 37471 | Vaults:2 | Noticed hairmachine's illusion
 37846 | Vaults:2 | Killed Mara
 37888 | Vaults:2 | Reached XP level 19. HP: 162/174 MP: 26/26
 38089 | Vaults:2 | Noticed a lich
 38110 | Vaults:2 | Your ally died
 38118 | Vaults:2 | Killed a lich
 38139 | Vaults:2 | Reached skill level 20 in Axes
 38140 | Vaults:2 | Your ally Wargath died
 38141 | Vaults:2 | Gained Bogfrid as an ally
 38145 | Vaults:2 | Your ally Bogfrid died
 38863 | Vaults:2 | Got a heavily runed lead ring
 38864 | Vaults:2 | Identified the ring of Wefyam {+Blink rF+++ AC+2 Int-2 SInv} (You found it on level 2 of the Vaults)
 39612 | Vaults:2 | Reached skill level 10 in Invocations
 40074 | Vaults:3 | Found a staircase to the Crypt.
 40109 | Vaults:3 | Your ally Okrist died
 40424 | Vaults:3 | Found Jopn's Magic Scroll Shoppe.
 40432 | Vaults:3 | Bought a scroll of fear for 70 gold pieces
 40432 | Vaults:3 | Bought a scroll of teleportation for 60 gold pieces
 40656 | Vaults:3 | Lost mutation: Your muscles are strong. (Str +2) [potion of cure mutation]
 40656 | Vaults:3 | Lost mutation: Your flesh is cold resistant. (rC+) [potion of cure mutation]
 40656 | Vaults:3 | Lost mutation: You tend to lose your temper in combat. [potion of cure mutation]
 40732 | Vaults:3 | Reached skill level 10 in Evocations
 41345 | Vaults:4 | Reached XP level 20. HP: 187/187 MP: 28/28
 41663 | Vaults:4 | Noticed a Tzitzimitl
 41672 | Vaults:4 | Your ally Ognian died
 41673 | Vaults:4 | Your ally Bogfrid died
 41679 | Vaults:4 | Reached skill level 21 in Axes
 41713 | Vaults:4 | Noticed Sojobo
 41726 | Vaults:4 | Killed Sojobo
 42722 | Vaults:4 | Gained Wulfoc as an ally
 43189 | Depths:1 | Entered Level 1 of the Depths
 43264 | Depths:1 | Gained Koronagh as an ally
 43266 | Depths:1 | Your ally Okrist died
 43485 | Depths:1 | Noticed the Enchantress
 43490 | Depths:1 | Your ally Wulfoc died
 43491 | Depths:1 | Your ally Koronagh died
 43506 | Depths:1 | HP: 6/189 [spriggan air mage/the air[the Enchantress] (23)]
 43516 | Depths:1 | HP: 6/189 [spriggan air mage/the air[the Enchantress] (17)]
 43519 | Depths:1 | Found a gateway to Hell.
 43524 | Depths:1 | Killed from afar by a tengu reaver

Vault maps used:
D:1:      saegor_arrival_simple_a, serial_park_tiny_2, hangedman_decor_points,
          minmay_heptomino_d4
D:2:      uniq_crazy_yiuf_cottage, uniq_iyjb
D:3:      uniq_jessica
D:4:      fedhas_altar_1, first_bread, gup_sewer_entry_pipe
D:5:      grunt_temple_overflow_open
D:6:      uniq_duvessa
D:7:      zin_angel, slow_altar_2, st_stairs_8
D:8:      serial_shops, nicolae_shop_stone, eino_jars
D:9:      elyvilon_altar_1, orc_0_dummy, serial_shops, shop_fountains
D:10:     grunt_lair_entry_orc_guard_hut
D:11:     kennysheep_blocky_room, serial_aquarium, aquarium_bridge_square,
          aquarium_bridge_long_joined, aquarium_window_corner,
          aquarium_window_2, aquarium_view_2b, aquarium_balcony_3a
D:12:     minmay_imperfect_grid, grunt_livestock, uniq_urug
D:13:     lightli_vaults_fourway_checkpoint
D:14:     basic_altar, uniq_agnes
D:15:     hangedman_spin_cycle, uniq_josephine
Lair:1:   kb_forest_paths, uniq_fannar
Lair:2:   uniq_harold
Lair:3:   nicolae_spider_entry_tight_spaces, beast_lair_carwin_9,
          grunt_megastairs_1, lemuel_fruit_fields, bh_autumn_forest_stairs
Lair:4:   elwin_shoals_entry_stream
Lair:5:   portal_ice_cave_entry_pillars_1, worms_lemuel, grunt_megastairs_5
Lair:6:   wormcave, hangedman_lair_caniforms_friends,
          dpeg_slime_entry_enclosed_altar
Shoals:2: nicolae_shoals_arrival_archipelago, uniq_roxanne
Shoals:3: nicolae_shoals_seven_spires
Shoals:4: shoals_end_hangedman, shoals_ilsuiw_ice, serial_shops,
          bzr_entry_islet, nicolae_shoals_wave_tunnel
Spider:1: uniq_azrael
Spider:2: uniq_kirke
Spider:3: uniq_aizul
Spider:4: spider_rune_water, spider_trap, nicolae_spider_shape, uniq_donald,
          uniq_arachne
Vaults:1: nicolae_vaults_sealed_display, ontoclasm_vaults_gallery,
          ontoclasm_vaults_idyll, v_pattern_3, v_misc_26, grunt_vaults_focal,
          v_misc_33, grunt_vaults_swirl, grunt_vaults_hallway_short,
          nicolae_vaults_big_ls, ontoclasm_vaults_twist, ontoclasm_vaults_fault,
          vaults_dpeg_cross, nicolae_trove_entry_crossroad
Vaults:2: vaults_dpeg_diagonal, v_pattern_4, dpeg_vaults_pockets_of_resistance,
          v_misc_15, hangedman_vaults_stagger, ontoclasm_vaults_hangar,
          hangedman_vaults_stream, hangedman_vaults_unwind,
          nicolae_vaults_what_the_h, vaults_room_large_hall, vaults_room_grid,
          vaults_room_fours, nicolae_vaults_little_squares_1, uniq_bai_suzhen,
          uniq_mara
Vaults:3: v_misc_30, minmay_crypt_entry_simple_box,
          nicolae_vaults_network_quinsquares, v_misc_8, ontoclasm_vaults_eye,
          ontoclasm_vaults_tryst, nicolae_vaults_quartermaster, v_misc_25,
          hangedman_vaults_nails, vaults_room_hallway,
          grunt_vaults_hallway_short, vaults_room_corners,
          hangedman_vaults_maws, serial_shops, shop
Vaults:4: nicolae_vaults_yaktaur_gun_rack, v_alt_pattern_2, v_misc_1,
          hangedman_vaults_capsules, v_alt_pattern_4,
          nicolae_vaults_little_squares_6, uniq_sojobo
Depths:1: hell_entry, minmay_acid_items, minmay_shop_grove, uniq_enchantress
Sewer:    sewer_the_crocodile

Skill      XL: |  1  2  3  4  5  6  7  8  9 10 11 12 13 14 15 16 17 18 19 20 |
---------------+-------------------------------------------------------------+-----
Axes           | 3 4 5 6 7 8 9 10 11 12 14 15 17 18 19 20 21 | 21.1
Shields        | 5 6 8 10 12 13 14 15 | 15.8
Armour         | 4 6 8 10 11 13 14 15 16 17 | 17.0
Invocations    | 3 5 8 11 12 | 12.0
Fighting       | 4 6 8 10 12 13 15 16 17 18 | 18.7
Dodging        | 4 6 8 9 |  9.4
Evocations     | 4 7 9 10 11 | 11.9

Action                   |  1- 3 |  4- 6 |  7- 9 | 10-12 | 13-15 | 16-18 | 19-21 || total
-------------------------+-------+-------+-------+-------+-------+-------+-------++-------
Melee: War axe           |   107 |    13 |   343 |   850 |  1088 |  1006 |   574 ||  3981
       Hand axe          |       |   149 |   220 |       |       |       |       ||   369
       Unarmed           |       |       |       |    13 |       |       |       ||    13
       Flail             |       |       |       |     8 |    14 |       |       ||    22
Throw: Throwing net      |       |       |     1 |       |       |     3 |       ||     4
Invok: Convert to Beogh  |       |       |     1 |       |       |       |       ||     1
       Recall Orcish Fol |       |       |       |     2 |     4 |     7 |     6 ||    19
       Resurrection      |       |       |       |       |     2 |     2 |     3 ||     7
 Abil: Stop Flying       |       |       |       |       |       |     1 |     1 ||     2
       Evoke Flight      |       |       |       |       |       |     1 |       ||     1
       Evoke Invisibilit |       |       |       |       |       |       |     1 ||     1
Evoke: Wand              |       |     3 |    11 |     9 |     6 |     8 |     7 ||    44
       Lamp of fire      |       |       |       |       |       |     1 |       ||     1
  Use: Scroll            |       |     7 |     3 |    21 |    17 |    19 |    10 ||    77
       Potion            |       |     3 |     7 |     2 |    11 |    10 |    15 ||    48
 Stab: Held in net/web   |       |       |     1 |       |       |       |       ||     1
       Distracted        |       |       |       |     4 |    14 |    14 |     4 ||    36
       Paralysed         |       |       |       |       |     5 |       |       ||     5
       Invisible         |       |       |       |       |       |       |    11 ||    11
  Eat: Chunk             |     2 |     7 |    13 |    25 |    33 |    30 |    17 ||   127
       Pizza             |       |       |     1 |     2 |       |     2 |       ||     5
       Beef jerky        |       |       |     1 |       |       |       |       ||     1
       Bread ration      |       |       |       |     1 |       |       |       ||     1
       Meat ration       |       |       |       |       |       |     1 |       ||     1
Armor: Scale mail        |    30 |    56 |       |       |       |       |       ||    86
       Chain mail        |       |       |   199 |   190 |       |       |       ||   389
       Plate armour      |       |       |       |   170 |   431 |   573 |   210 ||  1384
Dodge: Dodged            |    26 |    26 |    89 |   216 |   214 |   359 |   196 ||  1126
Block: Shield            |    52 |    64 |   268 |   587 |   692 |   812 |   553 ||  3028
       Reflection        |       |       |       |       |       |    54 |    60 ||   114
